Workbook

Sheet CONSOLIDADO
A1: Empresa | B1: Rubro | C1: Descripción | D1: LINEA DEL PLAN | E1: P.Definitivo | F1: Compromisos
A2: FRISCO | B2: A-1-0-2-12-01 | C2: HONORARIOS ASESORIA ADMINISTRATIVA EXTINTO | D2: LP-01 IDENTIFICADORES DE PREDIOS FRISCO | E2: 136048269 | F2: 136048269
A3: FRISCO | B3: A-8-3-9-10-01 | C3: HONORARIOS VARIOS INCAUTADO | D3: LP-01 IDENTIFICADORES DE PREDIOS FRISCO | E3: 5951731 | F3: 5951731
A4: SAE | B4: A-1-0-2-12-03 | C4: HONORARIOS AVALUOS | D4: LP-01 PAZ AVALUO DE BIENES | E4: 409799870 | F4: 16350680
A5: FRISCO | B5: A-1-0-2-12-01 | C5: HONORARIOS ASESORIA ADMINISTRATIVA EXTINTO | D5: LP-01 ASESORIA FINANCIERA DE VENTA MASIVA Y MODELO DE | E5: 24412348 | F5: 24412348
A6: FRISCO | B6: A-8-3-9-10-01 | C6: HONORARIOS VARIOS INCAUTADO | D6: LP-01 ASESORIA FINANCIERA DE VENTA MASIVA Y MODELO DE | E6: 204587652 | F6: 203987652
A7: SAE | B7: A-1-0-2-12-01 | C7: HONORARIOS ASESORIA ADMINISTRATIVA | D7: LP-01 ASESORÍA, ACTUALIZACIÓN Y MANTENIMIENTO DE BIOMETRICOS | E7: 24445900 | F7: 18000000
A8: FRISCO | B8: A-8-3-9-10-03 | C8: HONORARIOS AVALUOS INCAUTADO | D8: LP-01 AVALÚOS COMERCIALES DE SOCIEDADES EN PROCESO QUE NO CUENTEN CON INGRESOS | E8: 0 | F8: 0
A9: SAE | B9: A-1-0-2-12-02 | C9: HONORARIOS ASESORIAS JURIDICAS | D9: LP-01 CONSULTOR LABORAL | E9: 62602088 | F9: 34680248
A10: FRISCO | B10: A-8-3-9-10-01 | C10: HONORARIOS VARIOS INCAUTADO | D10: LP-01 CONTRATAR LA ASESORIA PARA LA UBICACION Y/O INACTIVACION DE BIENES MUEBLES, REALIZACIÓN INTEGRAL DE TRÁMITES Y OTROS | E10: =157800000-14591129 -> 143208871 | F10: 140629999
A11: FRISCO | B11: A-8-3-9-10-03 | C11: HONORARIOS AVALUOS INCAUTADO | D11: LP-01 CONTRATAR LA PRESTACIÓN DE SERVICIOS DE AVALÚO TÉCNICO COMERCIAL DE BIENES MUEBLES | E11: 0 | F11: 0
A12: FRISCO | B12: A-8-3-9-10-02 | C12: HONORARIOS JURIDICOS INCAUTADO | D12: LP-01 DEFENSA JUDICIAL, CARTERA, VIGILANCIA JUDICIAL, PERITOS ESPECIALES, PROCESOS ESPECIALES, ENTRE OTROS | E12: 2596282333 | F12: 1954957148
A13: FRISCO | B13: A-1-0-2-12-02 | C13: HONORARIOS ASESORIAS JURIDICAS EXTINTO | D13: LP-01 DEFENSA JUDICIAL, CARTERA, VIGILANCIA JUDICIAL, PERITOS ESPECIALES, PROCESOS ESPECIALES, ENTRE OTROS | E13: 279608158 | F13: 235423149
A14: FRISCO | B14: A-8-3-9-10-01 | C14: HONORARIOS VARIOS INCAUTADO | D14: LP-01 ESTIMADOS DE RENTA MASIVOS POR ECONOMETRIA E INTELIGENICA ARTIFICIAL | E14: 48790000 | F14: 45220000
A15: FRISCO | B15: A-8-3-9-10-01 | C15: HONORARIOS VARIOS INCAUTADO | D15: LP-01 ESTUDIO DE MERCADO Y APOYO COMERCIALIZACIÓN | E15: 306960634 | F15: 306960634
A16: SAE | B16: A-1-0-2-12-01 | C16: HONORARIOS ASESORIA ADMINISTRATIVA | D16: LP-01 ESTUDIO DE SEGURIDAD A LOS ASPIRANTES A CONFORMAR EL BANCO DE HOJAS DE VIDA, APLICACIÓN DE PRUEBAS PSICOTÉCNICAS Y DE COMPETENCIAS Y SERVICIOS DE ASESORÍA. | E16: 235796592 | F16: 226877699
A17: FRISCO | B17: A-1-0-2-12-01 | C17: HONORARIOS ASESORIA ADMINISTRATIVA EXTINTO | D17: LP-01 ESTUDIOS DE SEGURIDAD PARA DEPOSITARIOS PROVISIONALES Y LIQUIDADORES. | E17: 29800000 | F17: 27383007
A18: FRISCO | B18: A-1-0-2-12-01 | C18: HONORARIOS ASESORIA ADMINISTRATIVA EXTINTO | D18: LP-01 GASTOS HONORARIOS ASESORIAS EXTINTAS | E18: 20305724 | F18: 20305724
A19: FRISCO | B19: A-8-3-9-10-01 | C19: HONORARIOS VARIOS INCAUTADO | D19: LP-01 GASTOS HONORARIOS ASESORIAS Y ESTUDIOS ESPECIALIZADOS DE INSPECCION Y VIGILANCIA (HONORARIOS AUDITORIAS) | E19: 495002075 | F19: 495000571
A20: FRISCO | B20: A-8-3-9-10-02 | C20: HONORARIOS JURIDICOS INCAUTADO | D20: LP-01 GASTOS HONORARIOS JURIDICOS EN PROCESO | E20: 124625000 | F20: 124625000
A21: FRISCO | B21: A-1-0-2-12-01 | C21: HONORARIOS ASESORIA ADMINISTRATIVA EXTINTO | D21: LP-01 GASTOS HONORARIOS JURIDICOS EXTINTOS | E21: 44582997 | F21: 44582997
A22: FRISCO | B22: A-8-3-9-10-02 | C22: HONORARIOS JURIDICOS INCAUTADO | D22: LP-01 HONORARIOS PIEZAS PROCESALES | E22: 0 | F22: 0
... A42: FRISCO | B42: A-8-3-9-10-01 | C42: HONORARIOS VARIOS INCAUTADO | D42: LP-01 SERVICIOS DE DESTRUCCIÓN | E42: 8089828 | F42: 8089828
A43: FRISCO | B43: A-8-3-9-10-01 | C43: HONORARIOS VARIOS INCAUTADO | D43: LP-01 VISITAS DE VALIDACIÓN DE INVENTARIO INMUEBLES IMPRODUCTIVOS Y/O OCUPADOS IRREGULARMENTE | E43: 0 | F43: 0 | G43: =SUM(E2:E43) -> 11971441256
A44: FRISCO | B44: A-2-0-4-42-01 | C44: COMISIONES CARTERA, INMUEBLES, MUEBLES, MARTILLO Y OTROS EXTINTO | D44: LP-02 COMISIONES CARTERA, INMUEBLES, MUEBLES, MARTILLO Y OTROS | E44: 1427268362 | F44: 1427268361 | G44: =SUM(E44:E53) -> 12095495393
A45: FRISCO | B45: A-8-3-9-05-02 | C45: COMISIONES CARTERA, INMUEBLES, MUEBLES, MARTILLO Y OTROS INCAUTADO | D45: LP-02 COMISIONES CARTERA, INMUEBLES, MUEBLES, MARTILLO Y OTROS | E45: 4659887568 | F45: 4464683616
A46: FRISCO | B46: A-8-3-9-05-02 | C46: COMISIONES CARTERA, INMUEBLES, MUEBLES, MARTILLO Y OTROS INCAUTADO | D46: LP-02 INTERMEDIACION COMERCIAL DE BIENES MUEBLES | E46: 0 | F46: 0
A47: FRISCO | B47: A-2-0-4-17-01 | C47: GASTOS IMPREVISTOS EXTINTO | D47: LP-02 INTERMEDIACION COMERCIAL DE BIENES MUEBLES | E47: 185879667 | F47: 185879667
A48: FRISCO | B48: A-2-0-4-41-13 | C48: OTROS GASTOS POR ADQUISICION DE SERVICIOS EXTINTO | D48: LP-02 INTERMEDIACION COMERCIAL DE BIENES MUEBLES | E48: 46300944 | F48: 46300944
A49: FRISCO | B49: A-2-0-4-42-01 | C49: COMISIONES CARTERA, INMUEBLES, MUEBLES, MARTILLO Y OTROS EXTINTO | D49: LP-02 INTERMEDIACION COMERCIAL DE BIENES MUEBLES | E49: 0 | F49: 0
A50: FRISCO | B50: A-8-3-9-08-01 | C50: OTROS GASTOS POR ADQUISICIÓN DE SERVICIOS INCAUTADO | D50: LP-02 INTERMEDIACION COMERCIAL DE BIENES MUEBLES | E50: 10289099 | F50: 10289099
A51: FRISCO | B51: A-8-3-9-15-01 | C51: GASTOS IMPREVISTOS INCAUTADO | D51: LP-02 INTERMEDIACION COMERCIAL DE BIENES MUEBLES | E51: 41306593 | F51: 41306593
A52: SAE | B52: A-2-0-4-17-01 | C52: GASTOS IMPREVISTOS | D52: LP-02 PAZ GASTOS COMERCIALIZACIÓN DE BIENES | E52: 4275232358 | F52: 4275232358
A53: SAE | B53: A-2-0-4-41-13 | C53: OTROS GASTOS POR ADQUISICION DE SERVICIOS | D53: LP-02 PAZ GASTOS COMERCIALIZACIÓN DE BIENES | E53: 1449330802 | F53: 1064921716
A54: FRISCO | B54: A-8-3-9-13-01 | C54: OTROS GASTOS POR IMPRESOS Y PUBLICACIONES INCAUTADO | D54: LP-03 IMPRESIÓN DE AVISOS Y PUBLICACIONES EN DIARIOS DE AMPLIA CIRCULACIÓN A NIVEL PAÍS, RUEDAS DE NEGOCIOS PARA COMERCIALIZACIÓN DE INMUEBLES SOCIALES. EN PROCESO | E54: 0 | F54: 0 | G54: =SUM(E54:E58) -> 395935732
A55: SAE | B55: A-2-0-4-07-06 | C55: OTROS GASTOS POR IMPRESOS Y PUBLICACIONES | D55: LP-03 IMPRESOS | E55: 50000000 | F55: 50000000
A56: FRISCO | B56: A-2-0-4-07-06 | C56: OTROS GASTOS POR IMPRESOS Y PUBLICACIONES EXTINTO | D56: LP-03 PUBLICACIONES DE LEY EXTINTOS | E56: 156450000 | F56: 156450000
A57: FRISCO | B57: A-2-0-4-07-06 | C57: OTROS GASTOS POR IMPRESOS Y PUBLICACIONES EXTINTO | D57: LP-03 PUBLICACIONES PERIODICOS LOCALES Y REGIONALES, ACTIVIDADES PROMOCION DE INMUEBLES FERIAS, BRIGADAS Y OTROS. | E57: 0 | F57: 0
A58: FRISCO | B58: A-8-3-9-13-01 | C58: OTROS GASTOS POR IMPRESOS Y PUBLICACIONES INCAUTADO | D58: LP-03 PUBLICACIONES PERIODICOS LOCALES Y REGIONALES, ACTIVIDADES PROMOCION DE INMUEBLES FERIAS, BRIGADAS Y OTROS. | E58: 189485732 | F58: 189485732
A59: FRISCO | B59: A-8-3-9-07-03 | C59: MANTENIMIENTO DE BIENES INMUEBLES CONSERJERIA INCAUTADO | D59: LP-04 CONTRATOS DE CONSERJERIA DE BIENES INMUEBLES EN PROCESO | E59: 114100000 | F59: 0 | G59: =SUM(E59:E60) -> 163000000
A60: FRISCO | B60: A-2-0-4-05-01 | C60: MANTENIMIENTO DE BIENES INMUEBLES EXTINTO | D60: LP-04 CONTRATOS DE CONSERJERIA DE BIENES INMUEBLES EXTINTOS | E60: 48900000 | F60: 0
A61: FRISCO | B61: A-8-3-9-08-01 | C61: OTROS GASTOS POR ADQUISICIÓN DE SERVICIOS INCAUTADO | D61: LP-05 PAGO POR GASTOS DE DESALOJOS DE BIENES INMUEBLES EN PROCESO | E61: 3669281119 | F61: 3646268497 | G61: =SUM(E61:E62) -> 5148868439
A62: FRISCO | B62: A-2-0-4-41-13 | C62: OTROS GASTOS POR ADQUISICION DE SERVICIOS EXTINTO | D62: LP-05 PAGO POR GASTOS DE DESALOJOS DE BIENES INMUEBLES EXTINTOS | E62: 1479587320 | F62: 1467096549
A63: FRISCO | B63: A-8-3-9-08-01 | C63: OTROS GASTOS POR ADQUISICIÓN DE SERVICIOS INCAUTADO | D63: LP-06 SERVICIOS DE INVESTIGACIÓN, GESTIÓN PARA LIQUIDACIÓN Y PAGO DE PASIVOS EN PROCESO | E63: 300170000 | F63: 235123743 | G63: =SUM(E63:E64) -> 548000000
A64: FRISCO | B64: A-2-0-4-41-13 | C64: OTROS GASTOS POR ADQUISICION DE SERVICIOS EXTINTO | D64: LP-06 SERVICIOS DE INVESTIGACIÓN, GESTIÓN PARA LIQUIDACIÓN Y PAGO DE PASIVOS EXTINTO | E64: 247830000 | F64: 52181324
A65: FRISCO | B65: A-8-3-9-03-01 | C65: ARRENDAMIENTO, ALMACENAMIENTO Y BODEGAJE DE BIENES INCAUTADO | D65: LP-07 ARRENDAMIENTO, ALMACENAMIENTO Y BODEGAJE DE BIENES | E65: 11988177932 | F65: 11910201076 | G65: =SUM(E65:E69) -> 12488955118
A66: FRISCO | B66: A-8-3-9-03-01 | C66: ARRENDAMIENTO, ALMACENAMIENTO Y BODEGAJE DE BIENES INCAUTADO | D66: LP-07 EMBALAJE Y ACARREOS DE MERCANCIAS QUE SON INVENTARIOS DE LAS SOCIEDADES Y QUE EN EL MOMENTO NO TIENE FLUJO DE CAJA PARA ASUMIR DICHO GASTO | E66: 0 | F66: 0
A67: FRISCO | B67: A-8-3-9-03-01 | C67: ARRENDAMIENTO, ALMACENAMIENTO Y BODEGAJE DE BIENES INCAUTADO | D67: LP-07 GASTOS DE BODEGAJE PARA LAS SOCIEDADES Y ESTABLECIMIENTOS DE COMERCIO | E67: 0 | F67: 0
A68: SAE | B68: A-2-0-4-10-04 | C68: ARRENDAMIENTO, ALMACENAMIENTO Y BODEGAJE DE BIENES | D68: LP-07 PAZ-ARRENDAMIENTO, ALMACENAMIENTO Y BODEGAJE DE BIENES | E68: 500777186 | F68: 13965740
A69: FRISCO | B69: A-8-3-9-03-01 | C69: ARRENDAMIENTO, ALMACENAMIENTO Y BODEGAJE DE BIENES INCAUTADO | D69: LP-07 TRANSPORTE DE MERCANCIAS QUE SON INVENTARIOS DE LAS SOCIEDADES Y QUE EN EL MOMENTO NO TIENE FLUJO DE CAJA PARA ASUMIR DICHO GASTO | E69: 0 | F69: 0
A70: FRISCO | B70: A-8-3-9-08-01 | C70: OTROS GASTOS POR ADQUISICIÓN DE SERVICIOS INCAUTADO | D70: LP-08 SERVICIOS DE TRANSPORTE, CUSTODIA, MANUTENCIÓN, CUIDADOS, MARCAJE, SOSTENIMIENTO, PESAJE Y GESTIONES DE INTERMEDIACIÓN COMERCIAL DE BOVINOS | E70: 2083628513 | F70: 1780448432 | G70: =SUM(E70) -> 2083628513
A71: FRISCO | B71: A-2-0-4-41-13 | C71: OTROS GASTOS POR ADQUISICION DE SERVICIOS EXTINTO | D71: LP-09 CONVENIO BANCO DE LA REPUBLICA | E71: 145000000 | F71: 143064593 | G71: =+E71 -> 145000000
A72: SAE | B72: A-1-0-2-10-01 | C72: SERVICIOS TEMPORALES | D72: LP-10 PAZ -NÓMINA TEMPORAL | E72: =736851377-54764373 -> 682087004 | F72: 72414061 | G72: =SUM(E72:E74) -> 3730895101
A73: SAE | B73: A-1-0-2-10-01 | C73: SERVICIOS TEMPORALES | D73: LP-10 SERVICIOS TEMPORALES | E73: 3048808097 | F73: 2595336153
A74: SAE | B74: A-1-0-2-10-01 | C74: SERVICIOS TEMPORALES | D74: LP-10 SERVICIOS TEMPORALES | E74: 0 | F74: 0
A75: SAE | B75: A-2-0-4-01-08 | C75: SOFTWARE | D75: LP-11 ADQUISICIÓN SOFTWARE | E75: 0 | F75: 0 | G75: =SUM(E75:E79) -> 1445495076
A76: SAE | B76: A-2-0-4-01-08 | C76: SOFTWARE | D76: LP-11 COMPRA DE APLICACIONES Y LOS SERVICIOS QUE LA ACOMPAÑAN (SUSCRIPCIONES, LICENCIAMIENTO, RENOVACIÓN, SEGURIDAD Y TRANSFERENCIA DE CONOCIMIENTO, ENTRE OTROS) | E76: 1017938440 | F76: 818498471
A77: FRISCO | B77: A-2-0-4-01-08 | C77: SOFTWARE EXTINTO | D77: LP-11 COMPRA DE APLICACIONES Y LOS SERVICIOS QUE LA ACOMPAÑAN (SUSCRIPCIONES, LICENCIAMIENTO, RENOVACIÓN, SEGURIDAD, SERVICIOS DE NUBE Y TRANSFERENCIA DE CONOCIMIENTO, ENTRE OTROS) | E77: 419054876 | F77: 305190302
A78: SAE | B78: A-2-0-4-01-08 | C78: SOFTWARE | D78: LP-11 LICENCIAS PARA PROGRAMAS GRÁFICOS EN DESARROLLO DE LAS PIEZAS DE COMUNICACIONES Y PRESENTACIONES, SE HACE NECESARIO CONTAR UNA LICENCIA ESPECIFICA EN EL EQUIPOS DE COMPUTO. | E78: 8501760 | F78: 0
A79: SAE | B79: A-2-0-4-01-08 | C79: SOFTWARE | D79: LP-11 SOFTWARE DE AUDITORIA | E79: 0 | F79: 0
A80: SAE | B80: A-2-0-4-04-03 | C80: ELEMENTOS DE SEGURIDAD INDUSTRIAL | D80: LP-12 SEGURIDAD INDUSTRIAL | E80: 113400000 | F80: 57955628 | G80: =+E80 -> 113400000
A81: SAE | B81: A-2-0-4-21-06 | C81: SISTEMA DE GESTIÓN AMBIENTAL | D81: LP-13 GESTIÓN AMBIENTAL CONTROL DE ASPECTOS E IMPACTOS AMBIENTALES, EDUCACIÓN AMBIENTAL, EVALUACIÓN DEL SISTEMA. | E81: 0 | F81: 0 | G81: =SUM(E81:E82) -> 9000000
A82: SAE | B82: A-2-0-4-05-01 | C82: MANTENIMIENTO DE BIENES INMUEBLES | D82: LP-13 PLAN DE SANEAMIENTO BÁSICO (FUMIGACIÓN Y CONTROL DE ROEDORES, ANÁLISIS FISICOQUÍMICO Y MICROBIOLÓGICO DE AGUA, ELEMENTOS DE CONTROL AMBIENTAL) | E82: 9000000 | F82: 4278050
A83: SAE | B83: A-2-0-4-10-01 | C83: ARRENDAMIENTOS BIENES MUEBLES | D83: LP-14 ARRENDAMIENTO SISTEMA BIOMETRICO | E83: 155387200 | F83: 123901009 | G83: =SUM(E83:E84) -> 771426935
A84: SAE | B84: A-2-0-4-10-01 | C84: ARRENDAMIENTOS BIENES MUEBLES | D84: LP-14 ARRENDAMIENTO Y LOS SERVICIOS QUE LA ACOMPAÑAN, ENTRE OTROS | E84: 616039735 | F84: 514479733
A85: FRISCO | B85: A-2-0-4-09-08 | C85: SEGURO RESPONSABILIDAD CIVIL EXTINTO | D85: LP-15 PAGO PRIMA POLIZA SEGURO RESPONSABILIDAD CIVIL | E85: 82705000 | F85: 82705000 | G85: =SUM(E85:E95) -> 4841829748
A86: SAE | B86: A-2-0-4-09-08 | C86: SEGURO RESPONSABILIDAD CIVIL | D86: LP-15 PAGO PRIMA POLIZA SEGURO RESPONSABILIDAD CIVIL - SAE | E86: 99906 | F86: 0
A87: SAE | B87: A-2-0-4-09-01 | C87: SEGUROS DIRECTORES Y ADMINISTRADORES | D87: LP-15 PAGO PRIMA POLIZA SEGUROS DIRECTORES Y ADMINISTRADORES- SAE | E87: 773500000 | F87: 773500000
A88: SAE | B88: A-2-0-4-09-07 | C88: SEGURO DE VEHICULOS | D88: LP-15 PAGO PRIMA POLIZA SEGUROS VEHICULOS- SAE | E88: 96480356 | F88: 75447284
A89: SAE | B89: A-2-0-4-09-05 | C89: SEGURO DE INFIDILIDAD Y RIESGOS FINANCIEROS | D89: LP-15 PAGO PRIMA POLIZA SEGURO DE INFIDELIDAD Y RIESGOS FINANCIEROS - SAE | E89: 246918052 | F89: 244183119
A90: SAE | B90: A-2-0-4-09-12 | C90: SEGUROS EXEQUIALES | D90: LP-15 PÓLIZA DE SEGURO EXEQUIAL PLANTA PERSONAL DIRECTO SAE | E90: 77370032 | F90: 67334323
A91: FRISCO | B91: A-2-0-4-09-03 | C91: SEGUROS TRANSPORTE DE MERCANCIAS EXTINTO | D91: LP-15 SEGURO TRANSPORTE DE VALORES - PAGO PRIMA POLIZA - FRISCO | E91: 293398 | F91: 293398
A92: SAE | B92: A-2-0-4-09-06 | C92: SEGURO DE VIDA | D92: LP-15 SEGUROS DE VIDA PLANTA PERSONAL DIRECTO SAE | E92: 89576302 | F92: 88341679
A93: SAE | B93: A-2-0-4-09-11 | C93: SEGUROS GENERALES | D93: LP-15 SEGUROS MANEJO GLOBAL ENTIDADES ESTATALES PAGO PRIMA POLIZA - SAE | E93: 7893416 | F93: 7893416
A94: FRISCO | B94: A-2-0-4-09-02 | C94: SEGUROS TODO RIESGO EXTINTO | D94: LP-15 SEGUROS TODO RIESGO DAÑO MATERIAL - PAGO PRIMA POLIZA - FRISCO | E94: 3466349734 | F94: 3466349733
A95: FRISCO | B95: A-2-0-4-09-03 | C95: SEGUROS TRANSPORTE DE MERCANCIAS EXTINTO | D95: LP-15 SEGUROS TRANSPORTE DE MERCANCIAS - PAGO PRIMA POLIZA - FRISCO | E95: 643552 | F95: 643552
A96: FRISCO | B96: A-2-0-4-11-04 | C96: TRANSPORTE AEREO EXTINTO | D96: LP-16 GASTOS DE VIAJE TRANSPORTE AEREO TRANSPORTE AEREO | E96: 505004004 | F96: 505004004 | G96: =SUM(E96:E106) -> 1243805571
A97: FRISCO | B97: A-8-3-9-09-03 | C97: TRANSPORTE AEREO INCAUTADO | D97: LP-16 GASTOS DE VIAJE TRANSPORTE AEREO TRANSPORTE AEREO | E97: 0 | F97: 0
A98: SAE | B98: A-2-0-4-11-04 | C98: TRANSPORTE AEREO | D98: LP-16 GASTOS DE VIAJE TRANSPORTE AEREO TRANSPORTE AEREO | E98: 91000000 | F98: 58979767
A99: SAE | B99: A-2-0-4-11-04 | C99: TRANSPORTE AEREO | D99: LP-16 PAZ - VIÁTICOS | E99: =40987852-4820618 -> 36167234 | F99: 9970600
A100: SAE | B100: A-9-1-9-01-02 | C100: RESERVAS PRESUPUESTALES Y PASIVOS GASTOS GENERALES | D100: LP-16 PAZ - VIÁTICOS | E100: =32701571-14320553+4820618 -> 23201636 | F100: 23201636
A101: FRISCO | B101: A-2-0-4-11-01 | C101: ALIMENTACIÓN EXTINTO | D101: LP-16 VIATICOS Y GASTOS DE VIAJE. ALIMENTACIÓN | E101: 200000000 | F101: 200000000
A102: SAE | B102: A-2-0-4-11-01 | C102: ALIMENTACIÓN | D102: LP-16 VIATICOS Y GASTOS DE VIAJE. ALIMENTACIÓN | E102: 48000000 | F102: 743750
A103: FRISCO | B103: A-2-0-4-11-02 | C103: ALOJAMIENTO EXTINTO | D103: LP-16 VIATICOS Y GASTOS DE VIAJE. ALOJAMIENTO | E103: 264995996 | F103: 238938280
A104: SAE | B104: A-2-0-4-11-02 | C104: ALOJAMIENTO | D104: LP-16 VIATICOS Y GASTOS DE VIAJE. ALOJAMIENTO | E104: 29000000 | F104: 21243433
A105: FRISCO | B105: A-8-3-9-09-01 | C105: ALIMENTACIÓN INCAUTADO | D105: LP-16 VIATICOS Y GASTOS DE VIAJE. ET ALIMENTACIÓN | E105: 20000000 | F105: 3755174
A106: FRISCO | B106: A-8-3-9-09-02 | C106: ALOJAMIENTO INCAUTADO | D106: LP-16 VIATICOS Y GASTOS DE VIAJE. ET ALOJAMIENTO | E106: 26436701 | F106: 749427
A107: SAE | B107: A-2-0-4-21-04 | C107: SERVICIOS DE BIENESTAR SOCIAL | D107: LP-17 CONTRATACIÓN DE ACTIVIDADES DEL PLAN DE BIENESTAR SOCIAL LABORAL. DEPORTE, CULTURA, RECREACIÓN, ESPARCIMIENTO E INTEGRACIÓN DE LA FAMILIA Y OTROS | E107: 468713037 | F107: 62720781 | G107: =SUM(E107:E108) -> 636007663
A108: SAE | B108: A-2-0-4-21-11 | C108: OTROS SERVICIOS PARA CAPACITACION, BIENESTAR SOCIAL Y ESTIMULOS | D108: LP-17 PRESTACIÓN DE SERVICIOS PARA EL DESARROLLO DE ACCIONES LOGÍSTICAS, EVENTOS, ENCUENTROS, TALLERES, CAPACITACIONES QUE REQUIERA LA SAE. | E108: 167294626 | F108: 24854007
A109: SAE | B109: A-2-0-4-21-05 | C109: SERVICIOS DE CAPACITACION | D109: LP-18 CONTRATACIÓN DE CAPACITACIÓN EXTERNA, PARA EL DESARROLLO DE LAS ACTIVIDADES DEL PLAN EMPRESARIAL DE CAPACITACIÓN. | E109: 314966442 | F109: 123261314 | G109: =SUM(E109) -> 314966442
A110: SAE | B110: A-2-0-4-21-07 | C110: SISTEMA DE GESTIÓN DE SEGURIDAD Y SALUD EN EL TRABAJO | D110: LP-19 MEDICINA PREVENTIVA Y DEL TRABAJO | E110: 115005374 | F110: 106930243 | G110: =SUM(E110) -> 115005374
A111: FRISCO | B111: A-2-0-4-22-03 | C111: GASTOS POR MANEJO DE PORTAFOLIO EXTINTO | D111: LP-20 CUSTODIA PORTAFOLIO | E111: 167000000 | F111: 150829222 | G111: =SUM(E111:E112) -> 1039976619
A112: SAE | B112: A-2-0-4-22-03 | C112: ADMINISTRACIÓN DE PORTAFOLIO | D112: LP-20 PAZ ADMINISTRACIÓN PORTAFOLIO | E112: =828976619+44000000 -> 872976619 | F112: 0
A113: FRISCO | B113: A-8-3-9-07-02 | C113: ROM Y DEMOLICIONES INCAUTADO | D113: LP-21 ROM (REPARACIONES, OBRAS Y MANTENIMIENTO INCLUIDAS LAS DECOLICIONES) EN PROCESO | E113: 3979308239 | F113: 3778431065 | G113: =SUM(E113:E114) -> 5089780463
A114: FRISCO | B114: A-2-0-4-05-01 | C114: MANTENIMIENTO DE BIENES INMUEBLES EXTINTO | D114: LP-21 ROM (REPARACIONES, OBRAS Y MANTENIMIENTO INCLUIDAS LAS DECOLICIONES) EXTINTOS | E114: 1110472224 | F114: 1050667756
A115: FRISCO | B115: A-2-0-4-02-02 | C115: MOBILIARIO Y ENSERES EXTINTO | D115: LP-22 COMPRA ESTANTERIA ARCHIVO - FRISCO | E115: 61000000 | F115: 54137862 | G115: =SUM(E115:E117) -> 323666007
A116: FRISCO | B116: A-2-0-4-41-13 | C116: OTROS GASTOS POR ADQUISICION DE SERVICIOS EXTINTO | D116: LP-22 ORGANIZACION DE ARCHIVOS | E116: 58666007 | F116: 58666006
A117: SAE | B117: A-2-0-4-41-13 | C117: OTROS GASTOS POR ADQUISICION DE SERVICIOS | D117: LP-22 ORGANIZACIÓN Y ESTANTERIA ARCHIVO (Tablas de retenciòn) | E117: 204000000 | F117: 57030750
A118: FRISCO | B118: A-2-0-4-05-13 | C118: MANTENIMIENTO DE SOFTWARE EXTINTO | D118: LP-23 MANTENIMIENTO DE APLICACIONES Y LOS SERVICIOS QUE LA ACOMPAÑAN (SOPORTE, ENTRE OTROS) | E118: 196350000 | F118: 196350000 | G118: =SUM(E118:E120) -> 1013963038
A119: SAE | B119: A-2-0-4-05-13 | C119: MANTENIMIENTO DE SOFTWARE | D119: LP-23 MANTENIMIENTO DE APLICACIONES Y LOS SERVICIOS QUE LA ACOMPAÑAN (SOPORTE, ENTRE OTROS) | E119: 814613038 | F119: 753693405
...

Sheet Ultima V
A1: LINEA | B1: DESCRIPCIÓN | C1: VALOR INICIAL LINEAS DEL PAA | D1: VALOR CON MODIFICACIONES | E1: VALOR PRESUPUESTO | F1: DIFERENCIAS | G1: ACTAS | H1: FECHA | I1: OBSERVACION
A2: 1 | B2: HONORARIOS VARIOS, ADMINISTRATIVOS, JURIDICOS, AVALUOS, ENTRE OTROS | C2: 12053807215 | D2: =+C2+433000000-641774366+195587652+3051995958+126268000-530000000-129371233-100000000-500000000-94055716-128994463-939425313-279931002-130000000-297665476-130000000+12000000 -> 11971441256 | E2: =+CONSOLIDADO!G43 -> 11971441256 | F2: =+E2-D2 -> 0 | G2: 17,23,28,28,29,30,33,34,38,40,41,43,44,45,49,49,49,52 | H2: 01/07/2020 13/08/2020 10/09/2020 10/09/2020 14/09/2020 22/09/2020 02/10/2020 06/10/2020 21/10/2020 26/10/2020 30/10/2020 06/11/2020 10/11/2020 17/11/2020 04/12/2020 04/12/2020 04/12/2020 28/12/2020
A3: 2 | B3: COMISIONES CARTERA, INMUEBLES, MUEBLES, MARTILLO Y OTROS GASTOS COMERCIALIZACIÒN | C3: 7821714231 | D3: =+C3-2625971431+1000000000+5340154073+283776303-90000000+102152166+263670051 -> 12095495393 | E3: =+CONSOLIDADO!G44 -> 12095495393 | F3: =+E3-D3 -> 0 | G3: 28,30,32,33,34,34,44,51,51,52 | H3: 10/09/2020 22/09/2020 01/10/2020 02/10/2020 06/10/2020 06/10/2020 10/11/2020 22/12/2020 22/12/2020 28/12/2020
A4: 3 | B4: PUBLICACIONES, IMPRESIÓN, ACTIVIDADES PROMOCION Y OTROS | C4: 1102337604 | D4: =+C4-151000000-439000000+36450000-120000000-32851872 -> 395935732 | E4: =+CONSOLIDADO!G54 -> 395935732 | F4: =+E4-D4 -> 0 | G4: 20,23,29-31,36,44 | H4: 31/07/2020 13/08/2020 14/09/2020 24/09/2020 15/10/2020 10/11/2020
A5: 4 | B5: CONTRATOS DE CONSERJERIA DE BIENES | C5: 1080000000 | D5: =+C5-917000000 -> 163000000 | E5: =+CONSOLIDADO!G59 -> 163000000 | F5: =+E5-D5 -> 0 | G5: 17 | H5: 44013
A6: 5 | B6: DESALOJOS DE BIENES | C6: 6400000000 | D6: =+C6+917000000-5402827-2162728734 -> 5148868439 | E6: =+CONSOLIDADO!G61 -> 5148868439 | F6: =+E6-D6 -> 0 | G6: 17,34,44 | H6: 01/07/2020 06/10/2020 10/11/2020
A7: 6 | B7: SERVICIOS DE INVESTIGACIÓN, GESTIÓN PARA LIQUIDACIÓN Y PAGO DE PASIVOS | C7: 1400000000 | D7: =+C7-350000000-502000000 -> 548000000 | E7: =+CONSOLIDADO!G63 -> 548000000 | F7: =+E7-D7 -> 0 | G7: 28,39 | H7: 10/09/2020 23/10/2020
A8: 7 | B8: ARRENDAMIENTO, ALMACENAMIENTO, BODEGAJE DE BIENES, TRANSPORTE DE MERCANCIAS, EMBALAJE, ACARREOS Y OTROS. | C8: 10681961378 | D8: =+C8+334557666+90000000+260000000+50000000+120000000+164955546-120000000-2736902+290217430+620000000 -> 12488955118 | E8: =+CONSOLIDADO!G65 -> 12488955118 | F8: =+E8-D8 -> 0 | G8: 14,16,17,21,34,36,41,44,45,49 | H8: 10/06/2020 17/06/2020 01/07/2020 05/08/2020 15/10/2020 30/10/2020 10/11/2020 17/11/2020 04/12/2020
A9: 8 | B9: PRESTACIÓN DE LOS SERVICIOS DE TRANSPORTE, OPERACIÓN LOGÍSTICA NECESARIA PARA LA RECEPCIÓN, CUSTODIA, MANUTENCIÓN, CUIDADO, MARCAJE, SOSTENIMIENTO, PESAJE Y GESTIONES DE INTERMEDIACIÓN COMERCIAL, DE LOS SEMOVIENTES QUE LE SEAN ASIGNADOS Y EJERCER LA ADMINISTRACIÓN DE LOS INMUEBLES DONDE SE UBICAN ESTOS | C9: 3611983376 | D9: =+C9-260000000-65158382-1203196481 -> 2083628513 | E9: =+CONSOLIDADO!G70 -> 2083628513 | F9: =+E9-D9 -> 0 | G9: 14,38 | H9: 10/06/2020 21/10/2020
A10: 9 | B10: ENTRE LA SOCIEDAD DE ACTIVOS ESPECIALES S.A.S. - SAE Y EL BANCO DE LA REPUBLICA PARA EL DEPOSITO EN CUSTODIA DE ORO, PLATA, PLATINO O DIVISAS, LA REMISIÓN AL EXTERIOR DE LAS DIVISAS PARA SU ACEPTACIÓN Y AUTENTCACIÓN POR LOS BANCOS EMISORES CORRESPONDIENTES. | C10: 375155772 | D10: =+C10-16655772-154405070-59094930 -> 145000000 | E10: =+CONSOLIDADO!G71 -> 145000000 | F10: =+E10-D10 -> 0 | G10: 33,34,45 | H10: 02/10/2020 06/10/2020 17/11/2020
A11: 10 | B11: SERVICIOS TEMPORALES | C11: 1776000000 | D11: =+C11+682087004+1544611584-126268000-145535487 -> 3730895101 | E11: =+CONSOLIDADO!G72 -> 3730895101 | F11: =+E11-D11 -> 0 | G11: 21,28,29,49 | H11: 05/08/2020 10/09/2020 14/09/2020 04/12/2020
A12: 11 | B12: ADQUISICIÓN Y RENOVACIÓN DE SOFTWARE | C12: 1406286090 | D12: =+C12-275000000-60000000-25061400-20000000+136181246+33089140+250000000 -> 1445495076 | E12: =+CONSOLIDADO!G75 -> 1445495076 | F12: =+E12-D12 -> 0 | G12: 9,20,27,27,44(3) | H12: 04/05/2020 31/07/2020 03/09/2020 03/09/2020 10/11/2020
A13: 12 | B13: SEGURIDAD INDUSTRIAL | C13: 113400000 | D13: =+C13 -> 113400000 | E13: =+CONSOLIDADO!G80 -> 113400000 | F13: =+E13-D13 -> 0
A14: 13 | B14: PLAN DE SANEAMIENTO BÁSICO Y GESTIÓN AMBIENTAL | C14: 51000000 | D14: =+C14-42000000 -> 9000000 | E14: =+CONSOLIDADO!G81 -> 9000000 | F14: =+E14-D14 -> 0 | G14: 28 | H14: 10/09/2020 30/10/2020
A15: 14 | B15: ARRENDAMIENTOS BIENES MUEBLES Y OTROS | C15: 313564535 | D15: =+C15+275000000+84000000+20000000+111302400+27000000+40560000-100000000 -> 771426935 | E15: =+CONSOLIDADO!G83 -> 771426935 | F15: =+E15-D15 -> 0 | G15: 9,19,27,28,34,41,44 | H15: 04/05/2020 13/07/2020 03/09/2020 10/09/2020 06/10/2020 10/11/2020
A16: 15 | B16: SEGUROS | C16: 4619529206 | D16: =+C16+63000000+50000000+100000000+21000000-11699458 -> 4841829748 | E16: =+CONSOLIDADO!G85 -> 4841829748 | F16: =+E16-D16 -> 0 | G16: 3,11,23,28,45 | H16: 14/02/2020 27/05/2020 13/08/2020 10/09/2020 17/11/2020
A17: 16 | B17: VIATICOS Y GASTOS DE VIAJE | C17: 2326501571 | D17: =+C17-541696000-201000000-340000000 -> 1243805571 | E17: =+CONSOLIDADO!G96 -> 1243805571 | F17: =+E17-D17 -> 0 | G17: 43,44,45 | H17: 06/11/2020 10/11/2020 17/11/2020
A18: 17 | B18: ACTIVIDADES DEL PLAN DE BIENESTAR SOCIAL LABORAL | C18: 893713037 | D18: =+C18-207705374-50000000 -> 636007663 | E18: =+CONSOLIDADO!G107 -> 636007663 | F18: =+E18-D18 -> 0 | G18: 28,28,43 | H18: 10/09/2020 10/09/2020 06/11/2020
A19: 18 | B19: ACTIVIDADES DEL PLAN EMPRESARIAL DE CAPACITACIÓN. | C19: 344966442 | D19: =+C19-30000000 -> 314966442 | E19: =+CONSOLIDADO!G109 -> 314966442 | F19: =+E19-D19 -> 0 | G19: 28 | H19: 44084
A20: 19 | B20: MEDICINA PREVENTIVA Y DEL TRABAJO | C20: 122300000 | D20: =+C20-57294626+50000000 -> 115005374 | E20: =+CONSOLIDADO!G110 -> 115005374 | F20: =+E20-D20 -> 0 | G20: 28,43 | H20: 10/09/2020 06/11/2020
A21: 20 | B21: CUSTODIA PORTAFOLIO | C21: 1941000000 | D21: =+C21-334557666+26000000-498441622-94024093 -> 1039976619 | E21: =+CONSOLIDADO!G111 -> 1039976619 | F21: =+E21-D21 -> 0 | G21: 11,16,21,41 | H21: 27/05/2020 17/06/2020 05/08/2020 30/10/2020
A22: 21 | B22: ROM Y DEMOLICIONES | C22: 3900000000 | D22: =+C22+151000000-161910000+670690463+600000000-200000000+130000000 -> 5089780463 | E22: =+CONSOLIDADO!G113 -> 5089780463 | F22: =+E22-D22 -> 0 | G22: 20,28,43,44,45,49 | H22: 31/07/2020 10/09/2020 06/11/2020 10/11/2020 17/11/2020 04/12/2020
A23: 22 | B23: ORGANIZACIÓN Y ESTANTERIA ARCHIVO | C23: 70000000 | D23: =+C23+50000000+200000000+204000000+-195587652-4746341 -> 323666007 | E23: =+CONSOLIDADO!G115 -> 323666007 | F23: =+E23-D23 -> 0 | G23: 17,28,30,34 | H23: 01/07/2020 10/09/2020 22/09/2020 06/10/2020
A24: 23 | B24: MANTENIMIENTO DE APLICACIONES | C24: 1671322000 | D24: =+C24+720550000-3650000-12000000-1158517716-27000000-176741246 -> 1013963038 | E24: =+CONSOLIDADO!G118 -> 1013963038 | F24: =+E24-D24 -> 0 | G24: 7,29-31,34,44 | H24: 20/03/2020 14/09/2020 24/09/2020 06/10/2020 10/11/2020
A25: 24 | B25: MONITOREO DE MEDIOS | C25: 60000000 | D25: =+C25-36450000 -> 23550000 | E25: =+CONSOLIDADO!G121 -> 23550000 | F25: =+E25-D25 -> 0 | G25: 29-31 | H25: 14/09/2020 24/09/2020
A26: 25 | B26: COMPRA DE INFRAESTRUCTURA, EQUIPOS Y OTROS | C26: 2021409124 | D26: =+C26+66430489-138925393+25061400-70000000-10417519 -> 1893558101 | E26: =+CONSOLIDADO!G122 -> 1893558101 | F26: =+E26-D26 -> 0 | G26: 7,23,27,30,34 | H26: 20/03/2020 13/08/2020 03/09/2020 22/09/2020 06/10/2020 | I26: MODIF 29 - 31
A27: 26 | B27: ADQUISICIÓN DE MOBILIARIO, ELECTRODOMESTICOS, OTROS MATERIALES Y SUMINISTROS | C27: 120000000 | D27: =+C27-43000000 -> 77000000 | E27: =+CONSOLIDADO!G124 -> 77000000 | F27: =+E27-D27 -> 0 | G27: 19 | H27: 44025
A28: 27 | B28: COMBUSTIBLE | C28: 158000000 | D28: =+C28 -> 158000000 | E28: =+CONSOLIDADO!G127 -> 158000000 | F28: =+E28-D28 -> 0
A29: 28 | B29: ELEMENTOS DE FERRETERIA Y OTROS | C29: 100000000 | D29: =+C29-47606264 -> 52393736 | E29: =+CONSOLIDADO!G128 -> 52393736 | F29: =+E29-D29 -> 0 | G29: 44 | H29: 44145
A30: 29 | B30: PAPELERIA Y OTROS | C30: 264000000 | D30: =+C30-72990940 -> 191009060 | E30: =+CONSOLIDADO!G129 -> 191009060 | F30: =+E30-D30 -> 0 | G30: 44 | H30: 44145
A31: 30 | B31: MANTENIMIENTO Y ADQUISICIÓN DE PURIFICADORES DE AGUA | C31: 20000000 | D31: =+C31 -> 20000000 | E31: =+CONSOLIDADO!G131 -> 20000000 | F31: =+E31-D31 -> 0
A32: 31 | B32: MANTENIMIENTO PREVENTIVO Y CORRECTIVO PARA LOS VEHÍCULOS | C32: 160000000 | D32: =+C32 -> 160000000 | E32: =+CONSOLIDADO!G132 -> 160000000 | F32: =+E32-D32 -> 0
A33: 32 | B33: SERVICIO INTEGRAL DE ASEO, CAFETERIA Y MANTENIMIENTO | C33: 1015000000 | D33: =+C33-70000000-63000000-102000000+133000000-52815420 -> 860184580 | E33: =+CONSOLIDADO!G133 -> 860184580 | F33: =+E33-D33 -> 0 | G33: 3,10,20,45 | H33: 14/02/2020 12/05/2020 31/07/2020 17/11/2020
A34: 33 | B34: SERVICIO DE VIGILANCIA Y SEGURIDAD PRIVADA | C34: 4267573858 | D34: =+C34-50000000-26000000+4327855-50000000-133000000-302000000+405752039-100000000-804831 -> 4015848921 | E34: =+CONSOLIDADO!G135 -> 4015848921 | F34: =+E34-D34 -> 0 | G34: 11,11,17,20,20,21,23,31,34 | H34: 27/05/2020 27/05/2020 01/07/2020 31/07/2020 31/07/2020 05/08/2020 13/08/2020 24/09/2020 06/10/2020
A35: 34 | B35: SERVICIO DE ENVIO Y ENTREGA DE CORRRESPONDENCIA Y MENSAJERIA | C35: 192000000 | D35: =+C35+43000000 -> 235000000 | E35: =+CONSOLIDADO!G138 -> 235000000 | F35: =+E35-D35 -> 0 | G35: 3 | H35: 43875
A36: 35 | B36: SUSCRIPCIONES ESPECIALIZADAS | C36: 15000000 | D36: =+C36 -> 15000000 | E36: =+CONSOLIDADO!G139 -> 15000000 | F36: =+E36-D36 -> 0
A37: 36 | B37: REPRODUCCIÓN Y FOTOCOPIADO | C37: 543000000 | D37: =+C37-84000000-129402796 -> 329597204 | E37: =+CONSOLIDADO!G140 -> 329597204 | F37: =+E37-D37 -> 0 | G37: 3,44 | H37: 14/02/2020 10/11/2020
A38: 37 | B38: ARRENDAMIENTO SEDES | C38: 5078934222 | D38: =+C38+70000000+320000000+102000000+240000000-204000000 -> 5606934222 | E38: =+CONSOLIDADO!G141 -> 5606934222 | F38: =+E38-D38 -> 0 | G38: 3,10,28,30 | H38: 14/02/2020 12/05/2020 10/09/2020 22/09/2020
A39: 38 | B39: MANTENIMIENTO DE INFRAESTRUCTURA | C39: 200000000 | D39: =+C39-62780489-20000000-33089140-5241933 -> 78888438 | E39: =+CONSOLIDADO!G142 -> 78888438 | F39: =+E39-D39 -> 0 | G39: 7,34,44,44 | H39: 20/03/2020 06/10/2020 10/11/2020 10/11/2020
A40: 39 | B40: ESTUDIOS DE MERCADO INMOBILIARIO | C40: 75000000 | D40: =+C40 -> 75000000 | E40: =+CONSOLIDADO!G144 -> 75000000 | F40: =+E40-D40 -> 0 | G40: 33 | H40: 44106
A41: 40 | B41: PRESTACION DE SERVICIOS PARA FUNDICIÓN, TRANSPORTE, COMERCIALIZACIALIZACIÓN DE ORO Y SERVICIOS CONEXOS | C41: 491500000 | D41: =+C41+602472304+448441622+41500000+30000000-38478657 -> 1575435269 | E41: =+CONSOLIDADO!G146-159986160 -> 1575435269 | F41: =+E41-D41 -> 0 | G41: 21,21,34,45 | H41: 05/08/2020 05/08/2020 06/10/2020 17/11/2020
A42: 41 | B42: SERVICIOS DE TRANSPORTE PROYECTO PAZ | C42: 159986160 | D42: =+C42 -> 159986160 | E42: 159986160 | F42: =+E42-D42 -> 0
A43: 42 | B43: SERVICIO DE ACCESO Y CONSULTA PARA LA GESTION DEL RIESGO CREDITICIO, FINANCIERA Y LEGAL | C43: 40000000 | D43: =+C43+30000000 -> 70000000 | E43: =+CONSOLIDADO!G148 -> 70000000 | F43: =+E43-D43 -> 0 | G43: 3,19 | H43: 14/02/2020 13/07/2020 | I43: CREACION G.B.I
A44: 43 | B44: SERVICIO CALL CENTER | C44: 60000000 | D44: =+C44 -> 60000000 | E44: =+CONSOLIDADO!G149 -> 60000000 | F44: =+E44-D44 -> 0 | G44: 20 | H44: 44043 | I44: CREACION OF PLANEACION
A45: 44 | B45: DESENCALLAMIENTO MR. GOBY | C45: 1000000000 | D45: =+C45+1500000000-2000000000-490000000 -> 10000000 | E45: =+CONSOLIDADO!G150 -> 10000000 | F45: =+E45-D45 -> 0 | G45: 28,38,44,49 | H45: 10/09/2020 21/10/2020 11/10/2020 04/12/2020 | I45: CREACION FINANCIERA
A46: 45 | B46: ESTUDIOS DE CARGAS LABORALES | C46: 100000000 | D46: =+C46 -> 100000000 | E46: =+CONSOLIDADO!G151 -> 100000000 | F46: =+E46-D46 -> 0 | G46: 41 | H46: 44134 | I46: CREACION TALENTO HUMANO
A47: TOTAL LINEAS DEL PLAN VIGENCIA 2020 | C47: =SUM(C2:C46) -> 80217945821 | D47: =SUM(D2:D46) -> 81496928179 | E47: =SUM(E2:E46) -> 81496928179
